 Dungeon Crawl Stone Soup version 0.22-a0-525-gf69a080 (webtiles) character file.

841 Supahsalami the Chopper (level 7, 0/94 HPs)
             Began as a Minotaur Berserker on June 20, 2018.
             Was an Elder of Trog.
             Slain by a killer bee (7 damage)
             ... on level 7 of the Dungeon.
             The game lasted 00:12:07 (3649 turns).

Supahsalami the Chopper (Minotaur Berserker)        Turns: 3649, Time: 00:12:08

Health: 0/94       AC:  6    Str: 28    XL:     7   Next: 67%
Magic:  6/6        EV:  9    Int:  4    God:    Trog [****..]
Gold:   162        SH: 10    Dex: 10    Spells: 6/6 levels left

rFire    . . .     SeeInvis .   a - +0 hand axe
rCold    . . .     Gourm    .   l - +0 shield
rNeg     . . .     Faith    .   d - +0 ring mail (curse)
rPois    .         Spirit   .   (helmet restricted)
rElec    .         Reflect  .   (no cloak)
rCorr    .         Harm     .   (no gloves)
MR       .....                  (no boots)
Stlth    ..........             (no amulet)
HPRegen  0.25/turn              (no ring)
MPRegen  0.10/turn              (no ring)

@: berserking, lethally poisoned (0 -> -3), very quick
A: retaliatory headbutt, horns 2
a: Berserk, Trog's Hand, Brothers in Arms, Renounce Religion


You were on level 7 of the Dungeon.
You worshipped Trog.
Trog was greatly pleased with you.
You were very hungry.

You visited 1 branch of the dungeon, and saw 7 of its levels.

You collected 162 gold pieces.

Inventory:

Hand Weapons
 a - a +0 hand axe (weapon)
 q - a cursed -3 flail
Armour
 d - a cursed +0 ring mail (worn)
 l - a +0 shield (worn)
 m - a +0 chain mail
Scrolls
 b - 6 scrolls of remove curse {unknown}
 g - a scroll of blinking {unknown}
 h - 2 scrolls of fog {unknown}
 i - 2 scrolls of teleportation {unknown}
 j - 7 scrolls of identify {unknown}
 n - a scroll of magic mapping {unknown}
 o - a scroll of enchant weapon {unknown}
 p - 2 scrolls of noise {unknown}
 r - a scroll of immolation {unknown}
Potions
 e - 6 potions of curing {unknown}
 k - 2 potions of magic {unknown}
 s - a potion of degeneration {unknown}
Comestibles
 c - 7 rations
 f - 16 chunks of flesh


   Skills:
 + Level 6.0 Fighting
 * Level 7.7 Axes
 + Level 5.2 Armour
 - Level 2.2 Dodging
 + Level 3.5 Shields


You had 6 spell levels left.
You didn't know any spells.
Your spell library was empty.

Dungeon Overview and Level Annotations

Branches:
Dungeon (7/15)
 Temple: D:4-7

Altars:

Shops:
D:5 *

Annotations:
D:2 Robin


Innate Abilities, Weirdness & Mutations

You reflexively headbutt those who attack you in melee.
You have a pair of horns on your head.


Message History

A red film seems to cover your vision as you go berserk!
You feel yourself moving faster!
You feel mighty!
You are feeling very hungry.
You feel sick. The killer bee stings you.
* * * LOW HITPOINT WARNING * * *
The killer bee barely misses you. The killer bee stings you.
* * * LOW HITPOINT WARNING * * *
The killer bee stings you.
* * * LOW HITPOINT WARNING * * *
You barely miss the killer bee.
The killer bee is moderately wounded.
You barely miss the killer bee. The killer bee closely misses you.
You furiously retaliate!
You headbutt the killer bee. The killer bee stings you.
* * * LOW HITPOINT WARNING * * *
You slash the killer bee! Your headbutt misses the killer bee.
The killer bee is severely wounded.
You barely miss the killer bee. You block the killer bee's attack.
The killer bee stings you!
You die...

#.. #...
####
#...##..#
#.......#
#.......#
#.......#
#.....†y#
#y@# ####


You could see 2 killer bees.

Vanquished Creatures
  A phantom (D:5)
  An ogre (D:6)
  2 bullfrogs (D:6)
  2 killer bees (D:7)
  A centaur zombie (D:6)
  A jelly (D:5)
  3 orc wizards
  2 bullfrog skeletons
  An iguana (D:4)
  Terence (D:2)
  2 howler monkey skeletons
  A gnoll (D:6)
  5 adders
  An ooze (D:1)
  An adder skeleton (D:4)
  3 worms
  The ghost of Turgon the Charmwright, a weakling DsSk (D:3)
  2 leopard geckos
  21 orcs
  A ball python (D:2)
  2 giant cockroaches
  10 goblins
  7 hobgoblins
  7 jackals
  2 quokkas
  9 bats
  3 frilled lizards
  A jackal skeleton (D:4)
  3 kobolds
  A quokka zombie (D:6)
  10 rats
108 creatures vanquished.

Notes
Turn   | Place    | Note
-------+----------+-------------------------------------------
     0 | D:1      | Supahsalami the Minotaur Berserker began the quest for the Orb.
     0 | D:1      | Reached XP level 1. HP: 19/19 MP: 0/0
   132 | D:1      | Reached XP level 2. HP: 27/27 MP: 1/1
   167 | D:1      | Reached skill level 4 in Axes
   368 | D:1      | Reached ** piety under Trog
   519 | D:2      | Reached XP level 3. HP: 28/33 MP: 2/2
   534 | D:2      | Noticed Robin
  1018 | D:2      | Noticed Terence
  1027 | D:2      | Killed Terence
  1027 | D:2      | Reached XP level 4. HP: 33/41 MP: 3/3
  1068 | D:2      | Reached skill level 5 in Axes
  1622 | D:3      | Reached *** piety under Trog
  1686 | D:3      | Reached XP level 5. HP: 40/47 MP: 4/4
  1691 | D:3      | Found a runed door.
  1692 | D:3      | Noticed Turgon's ghost (weakling DsSk)
  1702 | D:3      | Killed Turgon's ghost
  2284 | D:5      | Entered Level 5 of the Dungeon
  2336 | D:4      | Reached skill level 5 in Fighting
  2336 | D:4      | Reached skill level 6 in Axes
  2336 | D:4      | Reached skill level 1 in Shields
  2694 | D:4      | Reached **** piety under Trog
  2735 | D:4      | Reached XP level 6. HP: 47/56 MP: 5/5
  3185 | D:5      | Found Tyth's Assorted Antiques.
  3437 | D:6      | Reached XP level 7. HP: 21/61 MP: 6/6
  3438 | D:6      | Reached skill level 7 in Axes
  3606 | D:6      | Reached skill level 5 in Armour
  3649 | D:7      | Slain by a killer bee

Vault maps used:
D:1:      nicolae_arrival_memento_mori
D:2:      uniq_robin, uniq_terence
D:3:      gammafunk_ghost_grave
D:5:      vehumet_statue, first_ration, serial_shops, shop, tgw_trog
D:6:      minmay_temple_entry_trees, cheibriados_altar_1
D:7:      abandoned_shop, grunt_livestock, supply_closet_lemuel,
          eino_small_chamber_without_monster, uniq_crazy_yiuf_cottage

Skill      XL: |  1  2  3  4  5  6  7 |
---------------+----------------------+-----
Fighting       | 4 5 6 |  6.0
Axes           | 4 5 6 7 |  7.7
Armour         | 3 4 5 |  5.2
Shields        | 1 2 3 |  3.5
Dodging        | |  2.2

Action                   |  1- 3 |  4- 6 |  7- 9 || total
-------------------------+-------+-------+-------++-------
Melee: Hand axe          |    60 |   185 |    33 ||   278
       Headbutt          |     7 |    40 |    10 ||    57
Invok: Berserk           |       |     1 |     1 ||     2
       Trog's Hand       |       |     1 |       ||     1
  Eat: Chunk             |       |     8 |     2 ||    10
Armor: Ring mail         |    26 |    62 |     9 ||    97
Dodge: Dodged            |    41 |    89 |    15 ||   145
Block: Shield            |       |    41 |    19 ||    60

Table legend:
 A = Spawn XP
 B = Non-spawn XP
 C = Spawn XP percentage of total XP
 D = Spawn monster count
 E = Non-spawn monster count
 F = Spawn count percentage of total count
 G = Total turns spent on level
                    A         B        C        D         E        F      G
               +---------+---------+-------+---------+---------+-------+---------
         Total |       0 |    1202 |   0.0 |       0 |     108 |   0.0 |  3649
               +---------+---------+-------+---------+---------+-------+---------
           D:1 |       0 |      34 |   0.0 |       0 |      18 |   0.0 |   538
           D:2 |       0 |     111 |   0.0 |       0 |      25 |   0.0 |   939
           D:3 |       0 |     143 |   0.0 |       0 |      34 |   0.0 |   780
           D:4 |       0 |     173 |   0.0 |       0 |      13 |   0.0 |   812
           D:5 |       0 |     232 |   0.0 |       0 |       6 |   0.0 |   360
           D:6 |       0 |     380 |   0.0 |       0 |      10 |   0.0 |   208
           D:7 |       0 |     129 |   0.0 |       0 |       2 |   0.0 |    12
               +---------+---------+-------+---------+---------+-------+---------
